Cogmind - Beta 16 @@@ ROGUE MODE // 2026.01.10 @ 15:04:47 Player: monistgf Result: Self-destructed Performance ------------- Evolutions (9) 4500 Regions Visited (20) 4000 Robots Destroyed (121) 605 Value Destroyed (5046) 5046 Prototype IDs (47) 940 Alien Tech Used (1) 200 Bonus (5497) 5497 TOTAL SCORE: 20788 Bonus ------- Follower Combat Kills 1452 Network Hubs Disabled 200 Registered with UFD 300 Met Optimus in HQ 500 Met Data Miner 300 Built Enhanced Grunts 300 Met R17 at Cetus 500 Met Sigix 2000 Friendly Fire -55 Cogmind --------- Core Integrity 1295/1600 Matter 159/300 Energy 110/190 System Corruption 6% Temperature Cool (8) Movement Flying (108) Ox1 Location -1/Access Parts ------- > --- POWER (2) -------- Light Quantum Reactor > --- PROPULSION (7) --- Field Propulsion Array Q-thruster Cooled Impulse Thruster > --- UTILITY (13) ----- Machine Analyzer Spectral Analyzer Long-range Sensor Array Advanced Signal Interpreter Advanced Melee Analysis Suite Advanced Transmission Jammer Jamming Amplifier Improved Reaction Control System Advanced Hacking Suite Advanced Hacking Suite Advanced System Shield > --- WEAPON (3) ------- Enhanced Hardcell Cannon Heavy Pick > --- INVENTORY (5) ---- Micro Antimatter Reactor Improved Phase Shifter Micro-nuke Launcher Sigix Containment Pod Peak State ------------ > --- POWER ------------ Light Antimatter Reactor Micro Antimatter Reactor > --- PROPULSION ------- Field Propulsion Array Field Propulsion Array Diametric Drive Impulse Thruster Array > --- UTILITY ---------- Experimental Cooling System Medium Storage Unit Spectral Analyzer Long-range Sensor Array Long-range Sensor Array Advanced Signal Interpreter Advanced Melee Analysis Suite Jamming Amplifier Improved Reaction Control System Improved Reaction Control System Advanced Hacking Suite Advanced System Shield Advanced System Restoration Module > --- WEAPON ----------- Sigix Broadsword Heavy Pick > --- INVENTORY -------- Light Quantum Reactor Field Propulsion Array Q-thruster Q-thruster Q-thruster Enhanced Hardcell Cannon Fusion Bomb Launcher Sigix Containment Pod [Rating: 183] Favorites ----------- Power Light Angular Momentum Engine Engine Light Angular Momentum Engine Power Core Light Nuclear Core Reactor Micro Antimatter Reactor Propulsion Light Treads Treads Light Treads Leg Carbon-fiber Leg Wheel Armored Wheel Hover Unit Improved Gyrokinetic Inverter Flight Unit Field Propulsion Array Utility Advanced Hacking Suite Device Long-range Sensor Array Storage Medium Storage Unit Processor Enhanced Optical Array Hackware Advanced Hacking Suite Protection Hardened Medium Armor Plating Weapon Assault Rifle Energy Gun Enhanced Quantum Rifle Ballistic Gun Assault Rifle Ballistic Cannon Gauss Cannon Launcher Fusion Bomb Launcher Impact Weapon Power Maul Slashing Weapon Sigix Broadsword Piercing Weapon Heavy Pick Build | -11 -10 -10 -9 -6 -6 -6 -5 -5 -5 -5 -4 -4 -4 -4 -4 -3 -3 -2 -2 -1 ------- Run | Yrd Mat Sub Scr Fac Low Dat Pro Fac Was Fac Fac Ext Cet Arc Hub Res Tes Res Qua Acc Slots Evolved 18 | . . . . 8 . . . 2 . . 2 . . . . 2 . 2 . 2 Power 1 | . . . . . . . . . . . 1 . . . . . . . . . Propulsion 5 | . . . . 2 . . . 2 . . . . . . . . . 1 . . Utility 11 | . . . . 5 . . . . . . 1 . . . . 2 . 1 . 2 Weapon 1 | . . . . 1 . . . . . . . . . . . . . . . . Parts Attached 217 | . 7 3 14 26 3 . 11 19 . 20 8 8 4 4 12 27 5 11 9 26 Power 23 | . 1 . 2 2 . . . 1 . 4 . 1 1 1 1 5 . . . 4 Engine 7 | . . . 2 . . . . 1 . 1 . 1 . 1 . 1 . . . . Core 6 | . 1 . . 1 . . . . . 3 . . . . 1 . . . . . Reactor 10 | . . . . 1 . . . . . . . . 1 . . 4 . . . 4 Propulsion 64 | . 2 1 4 9 . . 3 9 . 8 3 2 1 . 6 5 . 4 1 6 Treads 5 | . 1 1 1 . . . . . . 2 . . . . . . . . . . Leg 15 | . . . 1 5 . . . 9 . . . . . . . . . . . . Wheel 4 | . 1 . 2 1 . . . . . . . . . . . . . . . . Hover 5 | . . . . . . . . . . . . 2 1 . 2 . . . . . Flight 35 | . . . . 3 . . 3 . . 6 3 . . . 4 5 . 4 1 6 Utility 87 | . 3 1 3 10 3 . 5 6 . 5 3 3 2 1 4 13 4 2 5 14 Device 42 | . 2 . 1 4 1 . 3 2 . 4 2 . 1 1 2 3 2 2 3 9 Storage 9 | . 1 . 1 2 . . . 1 . . . 1 . . . 1 2 . . . Processor 19 | . . . . 3 1 . . 1 . 1 1 1 . . . 7 . . 2 2 Hackware 5 | . . . . . . . 1 1 . . . 1 . . . . . . . 2 Protection 12 | . . 1 1 1 1 . 1 1 . . . . 1 . 2 2 . . . 1 Artifact . | . . . . . . . . . . . . . . . . . . . . . Weapon 43 | . 1 1 5 5 . . 3 3 . 3 2 2 . 2 1 4 1 5 3 2 Energy Gun 4 | . . . . 1 . . . . . . . . . 1 . . . 1 1 . Energy Cannon . | . . . . . . . . . . . . . . . . . . . . . Ballistic Gun 13 | . 1 . 2 . . . . 2 . 2 1 . . . . 3 . 1 . 1 Ballistic Cannon 9 | . . 1 2 1 . . 1 . . 1 1 . . . . . 1 1 . . Launcher 4 | . . . 1 . . . . . . . . . . . . 1 . 1 . 1 Special Weapon . | . . . . . . . . . . . . . . . . . . . . . Impact Weapon 6 | . . . . 3 . . 2 1 . . . . . . . . . . . . Slashing Weapon 5 | . . . . . . . . . . . . 2 . 1 . . . 1 1 . Piercing Weapon 2 | . . . . . . . . . . . . . . . 1 . . . 1 . Special Melee Weapon . | . . . . . . . . . . . . . . . . . . . . . Unidentified Prototypes 15 | . . . 1 2 1 . . . . . 1 . 1 . 1 4 2 . 1 1 Parts Lost 93 | . . . 10 7 . . 3 10 2 13 1 9 . . 10 2 . 6 3 17 Power 14 | . . . 1 2 . . . 1 . 2 . 2 . . 2 . . 1 . 3 Propulsion 34 | . . . 3 2 . . 1 3 1 6 1 5 . . 5 1 . . . 6 Utility 29 | . . . 2 3 . . 2 2 1 2 . 2 . . 2 1 . 4 2 6 Weapon 16 | . . . 4 . . . . 4 . 3 . . . . 1 . . 1 1 2 Highest Loss Streak 10 | . . . 10 5 . . 3 6 2 9 1 3 . . 7 1 . 6 3 5 To Critical Strikes 1 | . . . . . . . . . . 1 . . . . . . . . . . Average Backups 8 | . 8 4 9 8 3 3 4 7 11 11 13 7 8 9 9 9 8 8 8 6 Power . | . 1 . . . 1 1 . 1 2 2 1 . . . 1 1 1 . . 1 Propulsion 2 | . 3 . . 2 . . . 3 6 5 4 1 2 2 2 3 3 3 4 3 Utility 2 | . 1 1 3 4 . . . . 3 2 4 3 4 5 4 2 2 1 1 . Weapon 2 | . 1 2 5 1 2 2 3 2 . 1 1 2 2 2 1 2 2 2 2 1 Tool/Special . | . . . . . . . . . . . . . . . . . . . . . Unused Backups 33 | . 6 4 5 3 . . . . . 1 2 2 . . 1 3 3 . . 3 Power 5 | . 2 . 1 . . . . . . . . . . . . . . . . 2 Propulsion 14 | . 4 2 . . . . . . . . 2 . . . . 2 3 . . 1 Utility 10 | . . 2 3 2 . . . . . . . 1 . . 1 1 . . . . Weapon 4 | . . . 1 1 . . . . . 1 . 1 . . . . . . . . Tool/Special . | . . . . . . . . . . . . . . . . . . . . . Average Slot Usage (%) 81 | . 97 85 95 80 42 46 55 85 83 76 77 62 76 83 81 82 82 83 73 77 Engine 3 | . 4 . 8 1 . . . 2 5 1 . 4 5 5 2 2 . . . . Core 2 | . 9 14 5 . . . 1 2 . 3 7 3 . . . . . . . . Reactor 2 | . . . . 3 . . . . . . . . 4 5 4 3 9 8 8 5 Treads 8 | . 13 27 27 3 . . . . . 5 . . . . . . . . . . Leg 3 | . . . . 14 . . . 20 28 5 . . . . . . . . . . Hover 1 | . . . . . . . . . . . . . 14 15 16 . . . . . Flight 9 | . . . . 1 13 13 16 4 . 16 28 16 5 5 4 20 19 16 16 17 Device 7 | . 12 . . 15 4 6 5 10 8 5 11 7 4 2 2 7 9 12 10 16 Storage 5 | . 14 . 11 4 . . . 4 5 5 5 5 5 5 5 4 4 4 4 3 Processor 8 | . . . . 6 11 13 13 10 5 7 12 10 15 15 11 11 11 8 14 19 Hackware 6 | . . . . . . . . 10 11 11 10 10 15 15 15 14 14 12 8 7 Protection 4 | . . 13 13 5 . . 3 . 2 . . . . 2 4 4 5 7 . . Ballistic Gun 6 | . 28 18 13 10 . . . 2 7 8 . 1 . . . 3 1 2 . . Ballistic Cannon 4 | . . 9 13 3 . . . 1 5 1 . . . . . . . . . . Impact Weapon 1 | . . . . 1 13 13 12 9 . . . . . . . . . . . . Slashing Weapon 1 | . . . . . . . . . . . . . 4 9 6 . . . 4 2 Piercing Weapon 1 | . . . . . . . . . . . . . . . 4 3 4 3 3 3 Peak Build Rating 183 | . 10 12 26 71 34 27 49 74 72 75 95 95 110 120 119 136 136 164 177 183 Average Rating 74 | . 8 11 15 54 26 27 32 64 60 62 77 73 106 113 103 117 128 156 154 159 On Entrance 67 | 6 6 10 12 26 22 27 27 49 72 53 64 95 83 108 113 83 132 127 137 173 Avg Prop Armor Cover (%) 7 | . 13 . 6 9 . . . 6 . 14 4 3 5 3 3 . . . . . Naked Turns 15 | . . . . 15 . . . . . . . . . . . . . . . . Heaviest Build 67 | 13 29 29 67 59 7 7 18 56 56 45 40 40 50 49 50 43 42 51 51 64 Greatest Support 95 | 20 16 40 40 65 12 12 18 95 95 65 40 40 50 50 70 46 42 54 54 53 Greatest Overweight (x) 5 | . 1 1 5 4 . . . 2 . 1 . . 1 . 1 1 . 1 . 1 Average Overweight (x) . | . . . . 1 . . . . . . . . . . . . . . . . Largest Inventory Capacity 20 | . 15 15 20 15 5 5 5 15 15 15 15 15 10 10 10 10 10 10 10 10 Average Capacity 12 | . 14 5 17 12 5 5 5 14 15 15 15 10 10 10 10 10 10 10 10 9 Most Carried 20 | . 10 11 20 15 4 3 5 11 11 15 15 14 10 10 10 10 10 10 10 10 Average Carried 9 | . 8 5 10 9 3 3 4 7 11 11 14 8 9 9 9 9 9 9 9 9 Final Capacity 15 | 8 15 5 5 5 5 5 5 15 15 15 15 10 10 10 10 10 10 10 10 5 Final Carried 15 | 6 10 5 5 4 3 3 5 11 11 15 13 10 10 10 7 10 10 10 10 5 Scrap Suit Usage (%) 2 | . . . 3 19 . . . . . . . . . . . . . . . . Parts Cannibalized 10 | . . . 4 6 . . . . . . . . . . . . . . . . Class Distribution -------------------- 33% | Mutant 15% | Hacker-Scout 9% | Hacker-Mutant 7% | Hacker-Ninja 5% | Scout 5% | Hacker-Gladiator 4% | Hacker-Sprinter 3% | Scavenger-Tank 3% | Scavenger-Mutant Dominant Class ---------------- Mutant | -10/Materials Mutant | -10/Subcaves Mutant | -9/Scraptown Scavenger-Tank | -6/Factory Mutant | -6/Lower Caves Mutant | -6/Data Miner Mutant | -5/Proximity Caves Hacker-Gladiator | -5/Factory Hacker-Mutant | -5/Waste Hacker-Mutant | -5/Factory Hacker-Scout | -4/Factory Hacker-Scout | -4/Extension Hacker-Mutant | -4/Cetus Hacker-Mutant | -4/Archives Hacker-Mutant | -4/Hub_04(d) Hacker-Scout | -3/Research Hacker-Scout | -3/Testing Hacker-Ninja | -2/Research Hacker-Scout | -2/Quarantine Hacker-Ninja | -1/Access Resources | -11 -10 -10 -9 -6 -6 -6 -5 -5 -5 -5 -4 -4 -4 -4 -4 -3 -3 -2 -2 -1 ----------- Run | Yrd Mat Sub Scr Fac Low Dat Pro Fac Was Fac Fac Ext Cet Arc Hub Res Tes Res Qua Acc Matter Collected 5360 | 200 202 54 266 859 80 . 198 426 . 705 77 414 108 70 84 585 11 167 . 854 Remotely . | . . . . . . . . . . . . . . . . . . . . . Salvage Created 5507 | . 124 . 505 858 36 . 104 905 . 411 99 180 . 264 312 510 35 282 . 882 Parts 240 | . 9 . 23 36 . . 8 31 . 20 1 7 . 17 13 19 4 18 . 34 Haulers Intercepted 6 | . . . . . . . . 1 . . . . . . 1 3 . 1 . . Recyclers Shooed 9 | . . . . 2 . . . 2 . 4 . . . . . 1 . . . . Parts Field Recycled . | . . . . . . . . . . . . . . . . . . . . . Retrieved Matter . | . . . . . . . . . . . . . . . . . . . . . Parts Self-Destructed 11 | . . 6 . . . . 5 . . . . . . . . . . . . . Prevented . | . . . . . . . . . . . . . . . . . . . . . Parts Restored . | . . . . . . . . . . . . . . . . . . . . . Kills | -11 -10 -10 -9 -6 -6 -6 -5 -5 -5 -5 -4 -4 -4 -4 -4 -3 -3 -2 -2 -1 ------- Run | Yrd Mat Sub Scr Fac Low Dat Pro Fac Was Fac Fac Ext Cet Arc Hub Res Tes Res Qua Acc Combat Hostiles Destroyed 82 | . 5 . 10 13 . . 5 15 . 7 . 1 . . 4 5 1 3 . 13 Melee 24 | . . . . 1 . . 4 7 . . . . . . 4 1 1 . . 6 Guns 27 | . 5 . 1 10 . . . 1 . 7 . 1 . . . 2 . . . . Cannons 10 | . . . 4 1 . . . 3 . . . . . . . . . . . 2 AOE 16 | . . . 5 . . . . 1 . . . . . . . 2 . 3 . 5 Classes Destroyed 18 | . 2 . 4 8 1 . . 1 . . . . . 1 . . . 1 . . Worker 4 | . . . . . . . . 1 . . . . . . . . . . . 3 Builder 4 | . . . . 1 . . . 1 . . . . . . . . . 2 . . Tunneler 2 | . . . . 2 . . . . . . . . . . . . . . . . Hauler 6 | . . . . . . . . 1 . . . . . . 1 3 . 1 . . Recycler 8 | . . . . 2 . . . . . 1 1 1 . . . 1 . . . 2 Operator 9 | . . . . . . . . . . . . . . 7 . . . 1 . 1 Watcher 6 | . . . . 1 . . . . . . . . . . . . . 1 . 4 Swarmer 25 | . 3 . . 3 . . 5 . . 4 . . . . 2 3 1 . . 4 Cutter 3 | . . . . . . . . . . . . . . . . . . 3 . . Grunt 22 | . 2 . . 4 . . . 11 . . . 1 . . 1 2 . . . 1 Duelist 1 | . . . . 1 . . . . . . . . . . . . . . . . Sentry 5 | . . . . 3 . . . . . 1 . . . . 1 . . . . . Hunter 1 | . . . . 1 . . . . . . . . . . . . . . . . Programmer 15 | . . . . 1 . . . 4 . 2 . . . . . . . . . 8 Federalist 1 | . . . 1 . . . . . . . . . . . . . . . . . Ranger 1 | . . . 1 . . . . . . . . . . . . . . . . . Guru 1 | . . . 1 . . . . . . . . . . . . . . . . . Scrapper 7 | . . . 7 . . . . . . . . . . . . . . . . . Decomposer 2 | . . . . . 2 . . . . . . . . . . . . . . . Best Kill Streak 7 | . 4 . 7 5 . . 5 4 . 5 1 1 . 4 2 2 1 5 . 5 Combat Bots Only 7 | . 4 . 7 3 . . 5 3 . 4 . 1 . . 2 2 1 3 . 3 Max Kills in Single Turn 4 | . 1 . 3 1 1 . 1 3 . 1 1 1 . 1 1 2 1 4 . 3 Gunslinging . | . . . . . . . . . . . . . . . . . . . . . Exploded 3 | . . . 2 . . . . 1 . . . . . . . 1 . 2 . 3 Melee 1 | . . . . 1 . . 1 1 . . . . . . 1 1 1 . . 1 Uniques/NPCs Destroyed . | . . . . . . . . . . . . . . . . . . . . . Combat | -11 -10 -10 -9 -6 -6 -6 -5 -5 -5 -5 -4 -4 -4 -4 -4 -3 -3 -2 -2 -1 -------- Run | Yrd Mat Sub Scr Fac Low Dat Pro Fac Was Fac Fac Ext Cet Arc Hub Res Tes Res Qua Acc Hostile Shots Fired 1429 | . 24 4 104 305 . . 24 105 2 144 20 41 . . 174 54 70 43 44 271 Missed 601 | . 7 . 13 138 . . 9 30 . 41 13 16 . . 73 22 54 21 23 141 Hits 828 | . 17 4 91 167 . . 15 75 2 103 7 25 . . 101 32 16 22 21 130 Melee 4 | . . . . 1 . . . . 2 . . . . . . . . 1 . . Projectile 824 | . 17 4 91 166 . . 15 75 . 103 7 25 . . 101 32 16 21 21 130 AOE 2 | . . . . . . . . . . . . . . . . . . 1 . 1 Critical Strikes 39 | . 2 . 8 5 . . . 8 . 2 1 4 . . 2 2 . 1 1 3 Actively Blocked 1 | . . . . . . . . . . . . . . . . . . 1 . . Part Disruptions 3 | . . . . . . . . . . . . . . . . . . . . 3 Damage Taken 14674 | . 181 80 1157 2049 . . 252 1551 113 1650 112 680 24 46 1494 634 274 811 465 3101 Core 1976 | . 34 . 141 359 . . 30 272 . 227 37 143 . . 224 79 16 83 26 305 Absorbed by Shields 88 | . . . . . . . . . . . . 51 . . . 37 . . . . Redirected to Shielding 157 | . . . . . . . . . . . . . . . . 39 . 71 . 47 Regen/Repaired (Parts) 1065 | . . . 32 52 . . . . . . . . . . . . . . 189 792 Core Remaining (%) 68 | 100 . . 30 . . . 54 . . 50 . . . . 64 . 92 . 92 . Volleys Fired 249 | . 18 3 11 49 . . 26 17 1 35 8 28 . 6 . 12 1 5 1 28 Largest 3 | . 2 2 2 3 . . 1 3 1 3 1 1 . 1 . 2 1 1 1 1 Hottest 152 | . 40 40 70 152 . . 44 105 44 79 55 55 . 94 . 80 54 58 58 58 Shots Fired 413 | . 36 6 20 131 . . 26 34 1 66 8 28 . 6 . 16 1 5 1 28 Gun 245 | . 36 6 7 96 . . . 17 . 58 . 11 . 6 . 8 . . . . Cannon 145 | . . . 10 35 . . 26 17 1 8 8 17 . . . 3 1 3 1 15 Launcher 23 | . . . 3 . . . . . . . . . . . . 5 . 2 . 13 Special . | . . . . . . . . . . . . . . . . . . . . . Kinetic 357 | . 36 6 17 104 . . 26 34 1 66 8 28 . . . 11 1 3 1 15 Thermal 33 | . . . . 27 . . . . . . . . . 6 . . . . . . Explosive 23 | . . . 3 . . . . . . . . . . . . 5 . 2 . 13 Electromagnetic . | . . . . . . . . . . . . . . . . . . . . . Robot Hit Streak 15 | . 5 7 8 15 . . . 13 . 8 5 4 . 4 . 5 . . . 4 Robot Miss Streak 4 | . 2 . 3 4 . . . 3 . 3 1 1 . 1 . 2 . . . 2 Penetration Max 1 | . . . . 1 . . . 1 . . . 1 . . . 1 . . . . Secondary Targets 2 | . 1 . . . . . . . . 1 . . . . . . . . . . Max Gunslinging Chain 1 | . 1 . . . . . . . . 1 . . . . . . . . . . Shots Hit Robots 349 | . 24 6 10 98 2 . 8 51 . 37 5 12 . 15 9 21 2 3 1 45 Core Hits 191 | . 10 1 20 44 . . 3 18 . 19 1 6 . 7 8 14 1 10 1 28 Critical Kills 7 | . . . . 1 . . . 4 . . . . . . . 2 . . . . Critical Parts Destroyed 10 | . . . . 1 . . 1 5 . . . . . . . 3 . . . . Critical Strikes 26 | . . . 1 2 . . 1 9 . . . 1 . . 2 6 . . . 4 Destroy 6 | . . . . 1 . . . . . . . . . . . 5 . . . . Blast 1 | . . . 1 . . . . . . . . . . . . . . . . . Smash 11 | . . . . 1 . . 1 9 . . . . . . . . . . . . Sever 3 | . . . . . . . . . . . . 1 . . 1 . . . . 1 Impale 5 | . . . . . . . . . . . . . . . 1 1 . . . 3 Melee Attacks 261 | . . . . 9 2 . 20 48 . . . 1 1 11 30 31 4 10 11 83 Impact 79 | . . . . 9 2 . 20 48 . . . . . . . . . . . . Slashing 74 | . . . . . . . . . . . . 1 1 11 8 1 . . 8 44 Piercing 108 | . . . . . . . . . . . . . . . 22 30 4 10 3 39 Sneak Attacks 27 | . . . . . 2 . 1 3 . . . . . 10 . 3 . 2 . 6 Combat Hostiles 1 | . . . . . . . 1 . . . . . . . . . . . . . Follow-up Attacks 18 | . . . . 1 . . 6 4 . . . . . 1 1 1 . . . 4 Damage Inflicted 17192 | . 254 57 999 2236 262 . 411 2630 . 890 197 406 . 1198 331 1401 68 624 28 5200 Guns 3570 | . 254 57 58 1556 . . . 251 . 853 . 298 . 166 . 77 . . . . Cannons 1658 | . . . 229 621 . . . 321 . . 197 60 . . . . . . . 230 Explosions 3984 | . . . 712 . . . . 339 . . . . . . . 554 . 364 . 2015 Melee 7924 | . . . . 40 262 . 411 1719 . . . 48 . 1032 331 770 68 260 28 2955 Ramming 56 | . . . . 19 . . . . . 37 . . . . . . . . . . Kinetic 4447 | . 254 57 287 1562 . . . 572 . 853 197 358 . . . 77 . . . 230 Thermal 1120 | . . . . 615 . . . 339 . . . . . 166 . . . . . . Explosive 3645 | . . . 712 . . . . . . . . . . . . 554 . 364 . 2015 Electromagnetic . | . . . . . . . . . . . . . . . . . . . . . Impact 2432 | . . . . 40 262 . 411 1719 . . . . . . . . . . . . Slashing 3372 | . . . . . . . . . . . . 48 . 1032 34 34 . . 28 2196 Piercing 2120 | . . . . . . . . . . . . . . . 297 736 68 260 . 759 Highest Corruption 6 | . . . 1 3 3 3 3 3 6 4 . 6 6 6 . . . . . 6 Average Corruption 3 | . . . 1 2 3 3 3 2 4 2 . 4 6 4 . . . . . 2 Corruption Purged 20 | . . . . . . . . 3 2 4 . . . 6 . . . . . 5 Corruption Blocked . | . . . . . . . . . . . . . . . . . . . . . Effects 65 | . . . 1 2 2 2 8 12 4 5 . 11 7 4 . . . . . 7 Message Errors 14 | . . . . . 1 . 2 1 1 1 . 2 2 2 . . . . . 2 Matter Fused 15 | . . . . 1 . . 1 3 . 2 . 5 1 . . . . . . 2 Heat Flow Errors 9 | . . . . 1 1 . . 2 . . . 2 1 1 . . . . . 1 Energy Discharges 8 | . . . 1 . . 1 1 2 . 1 . . 1 1 . . . . . . Parts Rejected 2 | . . . . . . . 1 . 1 . . . . . . . . . . . Parts Fused 2 | . . . . . . . . 1 1 . . . . . . . . . . . Data Loss (minor) 8 | . . . . . . 1 2 . . . . 1 2 . . . . . . 2 Data Loss (major) 2 | . . . . . . . . 1 1 . . . . . . . . . . . Alerts 4 | . . . . . . . 1 2 . . . 1 . . . . . . . . Weapon Failures 1 | . . . . . . . . . . 1 . . . . . . . . . . Overload Shots . | . . . . . . . . . . . . . . . . . . . . . Overflow Damage 2082 | . . . 1 41 247 . 60 344 . . 7 . . 292 . 17 . 108 . 965 Projectiles 8 | . . . . 1 . . . . . . 7 . . . . . . . . . Explosions 401 | . . . 1 . . . . 42 . . . . . . . 17 . 50 . 291 Melee 1673 | . . . . 40 247 . 60 302 . . . . . 292 . . . 58 . 674 Knockbacks 25 | . . . 1 8 . . . 11 . . 1 2 . . . . . . . 2 Impact 7 | . . . . . . . . 7 . . . . . . . . . . . . Kinetic 16 | . . . 1 7 . . . 3 . . 1 2 . . . . . . . 2 Secondary 2 | . . . . 1 . . . 1 . . . . . . . . . . . . Self-Inflicted Damage 343 | . . . 10 . . . . 75 . . . . . . . . . 92 . 166 Shots 7 | . . . 1 . . . . 1 . . . . . . . . . 1 . 4 Rammed 2 | . . . . . . . . . . 2 . . . . . . . . . . Targets Rammed 12 | . . . . 4 . . . . . 8 . . . . . . . . . . Kicked 10 | . . . . 4 . . . . . 6 . . . . . . . . . . Crushed . | . . . . . . . . . . . . . . . . . . . . . Highest Temperature 347 | . 43 . 347 141 251 . . 165 . 33 32 324 112 328 17 132 18 72 . 255 Average Temperature 46 | . 9 . 197 48 139 . . 48 . 11 5 73 35 61 6 25 5 25 . 20 Received Heat Transfer 2502 | . 81 . 666 345 . . 12 340 . 27 . 440 9 . 172 164 39 72 63 72 Effects 2 | . . . 1 . . . . . . . . . . 1 . . . . . . Shutdowns 1 | . . . 1 . . . . . . . . . . . . . . . . . Energy Bleed 1 | . . . . . . . . . . . . . . 1 . . . . . . Siege Activations . | . . . . . . . . . . . . . . . . . . . . . Martial Activations . | . . . . . . . . . . . . . . . . . . . . . Shielding Activations . | . . . . . . . . . . . . . . . . . . . . . Robots Disrupted . | . . . . . . . . . . . . . . . . . . . . . Combat Hostiles . | . . . . . . . . . . . . . . . . . . . . . Robots Corrupted 5 | . . . . . . . 1 4 . . . . . . . . . . . . Combat Hostiles 4 | . . . . . . . 1 3 . . . . . . . . . . . . Parts Fried 7 | . . . . . 1 . . 6 . . . . . . . . . . . . Impact Corruptions 24 | . . . . 1 4 . 4 15 . . . . . . . . . . . . Robots Melted 1 | . . . . 1 . . . . . . . . . . . . . . . . Combat Hostiles 1 | . . . . 1 . . . . . . . . . . . . . . . . Parts Melted 6 | . . . 2 1 . . . 3 . . . . . . . . . . . . Heat Transferred 1747 | . . . . 1325 . . . 200 . . . . . 222 . . . . . . Parts Sabotaged 2 | . . . . 2 . . . . . . . . . . . . . . . . Parts Stolen . | . . . . . . . . . . . . . . . . . . . . . Parts Stripped . | . . . . . . . . . . . . . . . . . . . . . Power Chain Reactions . | . . . . . . . . . . . . . . . . . . . . . Alert | -11 -10 -10 -9 -6 -6 -6 -5 -5 -5 -5 -4 -4 -4 -4 -4 -3 -3 -2 -2 -1 ------- Run | Yrd Mat Sub Scr Fac Low Dat Pro Fac Was Fac Fac Ext Cet Arc Hub Res Tes Res Qua Acc Maximum Alert Level 2 | . . . . 2 . . . 1 . . . 1 . . 1 . . 1 . 1 Low Security (%) 84 | . 100 . . 93 . . . 81 100 100 100 92 100 100 96 100 100 95 100 54 Level 1 15 | . . . . 6 . . . 18 . . . 7 . . 3 . . 4 . 45 Level 2 . | . . . . . . . . . . . . . . . . . . . . . Level 3 . | . . . . . . . . . . . . . . . . . . . . . Level 4 . | . . . . . . . . . . . . . . . . . . . . . Level 5 . | . . . . . . . . . . . . . . . . . . . . . High Security . | . . . . . . . . . . . . . . . . . . . . . Max Security . | . . . . . . . . . . . . . . . . . . . . . Peak Influence 415 | . 130 . . 415 . . . 316 49 78 22 221 187 167 228 141 37 238 131 361 Initial 92 | . . . . . . . . 22 34 . 21 2 92 38 35 78 . 20 88 12 Average 99 | . 60 . . 59 . . . 104 15 26 9 84 116 127 81 54 13 37 63 193 Influence Increases 6295 | . 154 . . 731 . . 140 701 17 396 65 658 359 234 385 303 86 375 361 1330 Destroy 0b10 Robot/C 1940 | . 100 . . 260 . . 100 300 . 140 . 260 160 80 100 100 20 60 . 260 Destroy 0b10 Robot/NC 210 | . . . . 30 . . . 15 . 5 5 10 10 35 5 20 . 25 . 50 Destroy Leader 322 | . 20 . . 72 . . 10 42 . 30 . 30 . . 32 16 . 12 . 58 Allied During Kill 387 | . . . . . . . . . . . . 128 157 102 . . . . . . Successful Hack 289 | . 4 . . 20 . . . 34 . 21 24 . . . 26 26 . 44 76 14 Select Force Hacks 50 | . . . . . . . . . . . . . . . 50 . . . . . Disable Machine 195 | . . . . . . . . 60 . 30 . 30 . 15 . . . 15 30 15 Destroy Structure 922 | . . . . 19 . . . 70 2 20 6 20 32 2 22 96 6 144 15 468 Partial Spotted 240 | . . . . 15 . . . . 15 15 30 30 . . . 30 . 45 15 45 Lose Combat Pursuer 1740 | . 30 . . 315 . . 30 180 . 135 . 150 . . 150 15 60 30 225 420 Influence Decreases 6027 | . 120 34 . 301 190 240 104 638 116 351 103 500 427 229 337 453 49 254 497 1084 Entered New Map 893 | . . 17 . . 160 240 . 14 65 . 24 5 73 59 67 72 . 17 70 10 Time Decay 3147 | . 120 17 . 231 30 . 84 375 31 291 79 254 214 130 102 256 39 157 113 624 Search Patrol Dispatched 100 | . . . . . . . . . . . . . . . . . . . . 100 Lost Part 677 | . . . . 70 . . 20 99 20 60 . 41 . . 92 15 . 60 30 170 Lost Ally 536 | . . . . . . . . . . . . 200 140 40 76 . 10 20 20 30 Purge Threat 674 | . . . . . . . . 150 . . . . . . . 110 . . 264 150 Squads Dispatched 53 | . 1 . . 6 . . . 6 . 2 2 2 . . 7 6 1 4 5 11 Investigation 13 | . . . . 1 . . . 2 . . 2 . . . 3 1 . 2 1 1 Extermination 16 | . . . . 2 . . . 2 . 1 . . . . . . . 1 2 8 Reinforcement 20 | . 1 . . . . . . 2 . 1 . 2 . . 3 5 1 1 2 2 Assault . | . . . . . . . . . . . . . . . . . . . . . Garrison 4 | . . . . 3 . . . . . . . . . . 1 . . . . . Intercept . | . . . . . . . . . . . . . . . . . . . . . Searches Triggered 1 | . . . . . . . . . . . . . . . . . . . . 1 Data Miner Redirects 3 | . . . . . . . . . . . 1 . . . 2 . . . . . Construction Impeded . | . . . . . . . . . . . . . . . . . . . . . Haulers Reinforced 3 | . . . . . . . . . . . . . . . . 3 . . . . Active Scanning Responses . | . . . . . . . . . . . . . . . . . . . . . Cargo Convoy Interrupts 1 | . . . . 1 . . . . . . . . . . . . . . . . Stealth | -11 -10 -10 -9 -6 -6 -6 -5 -5 -5 -5 -4 -4 -4 -4 -4 -3 -3 -2 -2 -1 --------- Run | Yrd Mat Sub Scr Fac Low Dat Pro Fac Was Fac Fac Ext Cet Arc Hub Res Tes Res Qua Acc Distress Signals 29 | . . . . . . . . 1 . . . 1 3 . 6 10 2 . 2 4 Communications Jammed 26 | . . . . . . . . 1 . . . 1 . . . . . . 18 6 Distress Signals 26 | . . . . . . . . 1 . . . 1 . . . . . . 18 6 Times Spotted 352 | . 11 1 16 49 . . 7 35 5 25 5 22 9 8 29 13 18 11 21 67 Peak Tracking Total 17 | . 3 1 11 15 . . 5 7 5 9 4 7 5 2 17 4 15 4 11 11 Tactical Retreats 54 | . 2 . . 5 . . 1 5 . 3 . 5 . . 3 1 2 1 6 20 Traps | -11 -10 -10 -9 -6 -6 -6 -5 -5 -5 -5 -4 -4 -4 -4 -4 -3 -3 -2 -2 -1 ------- Run | Yrd Mat Sub Scr Fac Low Dat Pro Fac Was Fac Fac Ext Cet Arc Hub Res Tes Res Qua Acc Traps Triggered 12 | . . . . . . . . 3 . 2 . 1 . . 1 1 1 . . 3 Indirectly . | . . . . . . . . . . . . . . . . . . . . . Trap Hack Attempts . | . . . . . . . . . . . . . . . . . . . . . Triggered . | . . . . . . . . . . . . . . . . . . . . . Disarmed . | . . . . . . . . . . . . . . . . . . . . . Reprogrammed . | . . . . . . . . . . . . . . . . . . . . . Reused . | . . . . . . . . . . . . . . . . . . . . . Traps Extracted . | . . . . . . . . . . . . . . . . . . . . . Installed . | . . . . . . . . . . . . . . . . . . . . . Triggered . | . . . . . . . . . . . . . . . . . . . . . Machines | -11 -10 -10 -9 -6 -6 -6 -5 -5 -5 -5 -4 -4 -4 -4 -4 -3 -3 -2 -2 -1 ---------- Run | Yrd Mat Sub Scr Fac Low Dat Pro Fac Was Fac Fac Ext Cet Arc Hub Res Tes Res Qua Acc Machines Disabled 14 | . . . . . . . . 4 . 2 . 3 . 1 . . . 1 2 1 Max in Single Turn 3 | . . . . . . . . 3 . 1 . 1 . . . . . 1 1 1 Garrison Access 4 | . . . . . . . . . . . . . . . . 2 . 1 . 1 Network Hub 1 | . . . . . . . . . . . . . . . 1 . . . . . Machines Repaired . | . . . . . . . . . . . . . . . . . . . . . Machines Dismantled . | . . . . . . . . . . . . . . . . . . . . . Machines Sabotaged 1 | . . . . . . . . . . . . . . . 1 . . . . . Overloaded Fab Kills . | . . . . . . . . . . . . . . . . . . . . . Hacking | -11 -10 -10 -9 -6 -6 -6 -5 -5 -5 -5 -4 -4 -4 -4 -4 -3 -3 -2 -2 -1 --------- Run | Yrd Mat Sub Scr Fac Low Dat Pro Fac Was Fac Fac Ext Cet Arc Hub Res Tes Res Qua Acc Machines Accessed 73 | . 3 . 9 6 . 4 . 6 . 1 3 3 1 . 5 6 2 6 10 8 Terminals 45 | . 3 . . 3 . . . 4 . 1 1 3 1 . 5 4 1 5 9 5 Fabricators 5 | . . . . 1 . . . 1 . . 2 . . . . . 1 . . . Repair Stations 1 | . . . . . . . . . . . . . . . . . . . 1 . Recycling Units 2 | . . . . 1 . . . 1 . . . . . . . . . . . . Scanalyzers . | . . . . . . . . . . . . . . . . . . . . . Garrison Access 7 | . . . . 1 . . . . . . . . . . . 2 . 1 . 3 Total Hacks 317 | . 11 . 72 12 . 31 . 20 . 3 9 6 5 . 14 31 9 28 35 31 Successful 194 | . 2 . 72 3 . 31 . 10 . 1 4 2 4 . 9 15 7 10 17 7 Failed 122 | . 9 . . 9 . . . 10 . 2 5 4 1 . 5 15 2 18 18 24 Catastrophic 27 | . . . . 3 . . . 1 . 1 . 3 . . 2 4 . 2 3 8 Database Lockouts 1 | . . . . . . . . . . . . . . . . 1 . . . . Manual 76 | . 2 . . 10 . . . 10 . 1 3 3 1 . 8 11 5 3 11 8 Terminals 173 | . 11 . . 7 . . . 10 . 3 2 6 5 . 14 27 8 25 33 22 Fabricators 18 | . . . . 1 . . . 9 . . 7 . . . . . 1 . . . Repair Stations 2 | . . . . . . . . . . . . . . . . . . . 2 . Recycling Units 2 | . . . . 1 . . . 1 . . . . . . . . . . . . Scanalyzers . | . . . . . . . . . . . . . . . . . . . . . Garrison Access 19 | . . . . 3 . . . . . . . . . . . 4 . 3 . 9 Terminal Hacks 162 | . 2 . 72 1 . 31 . 3 . . . 2 4 . 5 12 4 9 13 4 Record 81 | . . . 64 . . 11 . . . . . . 4 . 1 . . . 1 . Part Schematic 11 | . . . . . . 11 . . . . . . . . . . . . . . Robot Schematic 6 | . . . . . . 6 . . . . . . . . . . . . . . Robot Analysis 8 | . . . 8 . . . . . . . . . . . . . . . . . Prototype ID Bank 11 | . . . . . . 3 . . . . . . . . . 2 1 3 2 . Open Door 1 | . . . . . . . . . . . . . . . . . . . 1 . Level Access Points 3 | . . . . . . . . . . . . . . . . 1 1 1 . . Branch Access Points 2 | . . . . . . . . . . . . . . . . 1 . 1 . . Recycling Unit Index 1 | . . . . 1 . . . . . . . . . . . . . . . . Alert Level 7 | . . . . . . . . . . . . 1 . . . 2 . 2 1 1 Unreport Threat 6 | . . . . . . . . 2 . . . . . . . 1 . . 2 1 Locate Traps 6 | . 2 . . . . . . . . . . . . . 1 1 1 . 1 . Security Status 1 | . . . . . . . . . . . . . . . . 1 . . . . Patrol Status 1 | . . . . . . . . . . . . . . . 1 . . . . . Recall Investigation 2 | . . . . . . . . . . . . 1 . . . . . 1 . . Recall Extermination 2 | . . . . . . . . . . . . . . . . . . . 1 1 Recall Reinforcements 1 | . . . . . . . . . . . . . . . . . . . 1 . Hauler Manifests 1 | . . . . . . . . . . . . . . . . 1 . . . . Registered Components 2 | . . . . . . . . . . . . . . . . . 1 . 1 . Registered Prototypes 1 | . . . . . . . . . . . . . . . . . . . 1 . Zone Layout 8 | . . . . . . . . 1 . . . . . . 2 2 . 1 1 1 Fabricator Hacks 6 | . . . . . . . . 2 . . 4 . . . . . . . . . Load Schematic 3 | . . . . . . . . 1 . . 2 . . . . . . . . . Build 3 | . . . . . . . . 1 . . 2 . . . . . . . . . Repair Station Hacks 2 | . . . . . . . . . . . . . . . . . . . 2 . Scan Component 1 | . . . . . . . . . . . . . . . . . . . 1 . Repair 1 | . . . . . . . . . . . . . . . . . . . 1 . Recycling Unit Hacks . | . . . . . . . . . . . . . . . . . . . . . Scanalyzer . | . . . . . . . . . . . . . . . . . . . . . Garrison Access Hacks 4 | . . . . . . . . . . . . . . . . 2 . 1 . 1 Seal Access 4 | . . . . . . . . . . . . . . . . 2 . 1 . 1 Unauthorized Hacks 20 | . . . . 2 . . . 5 . 1 . . . . 4 1 3 . 2 2 Terminals 15 | . . . . 1 . . . 2 . 1 . . . . 4 1 2 . 2 2 Assimilate 6 | . . . . . . . . 1 . . . . . . 1 . 1 . 2 1 Botnet 6 | . . . . 1 . . . 1 . 1 . . . . 1 1 . . . 1 Operators 1 | . . . . . . . . . . . . . . . . . 1 . . . Sabotage 2 | . . . . . . . . . . . . . . . 2 . . . . . Fabricators 3 | . . . . . . . . 2 . . . . . . . . 1 . . . Report 1 | . . . . . . . . 1 . . . . . . . . . . . . Prioritize 1 | . . . . . . . . 1 . . . . . . . . . . . . Fabnet 1 | . . . . . . . . . . . . . . . . . 1 . . . Repair Stations . | . . . . . . . . . . . . . . . . . . . . . Recycling Units 2 | . . . . 1 . . . 1 . . . . . . . . . . . . Fedlink 2 | . . . . 1 . . . 1 . . . . . . . . . . . . Scanalyzers . | . . . . . . . . . . . . . . . . . . . . . Garrison Access . | . . . . . . . . . . . . . . . . . . . . . Data Cores Recovered 1 | . . . . . . . . . . . . . . . . . . 1 . . Used 1 | . . . . . . . . . . . . . . . . . . 1 . . Hacking Detections 49 | . 3 . . 5 . . . 5 . 1 3 3 . . 4 5 1 5 7 7 Full Trace Events 7 | . . . . . . . . 1 . . 2 . . . . . . 2 1 1 Feedback Events 1 | . . . . . . . . . . . . . . . . . . . . 1 Corruption 1 | . . . . . . . . . . . . . . . . . . . . 1 Feedback Blocked . | . . . . . . . . . . . . . . . . . . . . . Robot Schematics Acquired 6 | . . . . . . 6 . . . . . . . . . . . . . . Robots Built . | . . . . . . . . . . . . . . . . . . . . . Authchips . | . . . . . . . . . . . . . . . . . . . . . Time . | . . . . . . . . . . . . . . . . . . . . . Total Robot Build Rating . | . . . . . . . . . . . . . . . . . . . . . Part Schematics Acquired 11 | . . . . . . 11 . . . . . . . . . . . . . . Parts Built 2 | . . . . . . . . . . . 2 . . . . . . . . . Authchips . | . . . . . . . . . . . . . . . . . . . . . Time 232 | . . . . . . . . 84 . . 148 . . . . . . . . . Total Part Build Rating 14 | . . . . . . . . . . . 14 . . . . . . . . . Part Studies Acquired . | . . . . . . . . . . . . . . . . . . . . . Parts Repaired 1 | . . . . . . . . . . . . . . . . . . . 1 . Time 31 | . . . . . . . . . . . . . . . . . . . 31 . Parts Recycled . | . . . . . . . . . . . . . . . . . . . . . Recycled Matter . | . . . . . . . . . . . . . . . . . . . . . Retrieved Matter . | . . . . . . . . . . . . . . . . . . . . . Retrieved Components . | . . . . . . . . . . . . . . . . . . . . . Parts Scanalyzed . | . . . . . . . . . . . . . . . . . . . . . Part Schematics Acquired . | . . . . . . . . . . . . . . . . . . . . . Parts Damaged . | . . . . . . . . . . . . . . . . . . . . . Bothacking | -11 -10 -10 -9 -6 -6 -6 -5 -5 -5 -5 -4 -4 -4 -4 -4 -3 -3 -2 -2 -1 ------------ Run | Yrd Mat Sub Scr Fac Low Dat Pro Fac Was Fac Fac Ext Cet Arc Hub Res Tes Res Qua Acc Used RIF Installer . | . . . . . . . . . . . . . . . . . . . . . Robots Hacked 4 | . . . . . . . . . . . . . . . . . . 2 1 1 Non-combat . | . . . . . . . . . . . . . . . . . . . . . Combat 4 | . . . . . . . . . . . . . . . . . . 2 1 1 Robot Hacks Applied . | . . . . . . . . . . . . . . . . . . . . . Relay Couplers Released . | . . . . . . . . . . . . . . . . . . . . . Fabnet Peak Effective % 3 | . . . . . . . . . . . . . . . . . . 3 3 1 Autooverrided 4 | . . . . . . . . . . . . . . . . . . 2 1 1 Robots Rewired 7 | . . . . . . . . . . . . 7 . . . . . . . . Allies Hacked 2 | . . . . . . . . . . . . 1 . . . . . . . 1 Hacks Repelled . | . . . . . . . . . . . . . . . . . . . . . Allies | -11 -10 -10 -9 -6 -6 -6 -5 -5 -5 -5 -4 -4 -4 -4 -4 -3 -3 -2 -2 -1 -------- Run | Yrd Mat Sub Scr Fac Low Dat Pro Fac Was Fac Fac Ext Cet Arc Hub Res Tes Res Qua Acc Total Allies 34 | . . . . . . . . . . . . 20 5 . 1 . 1 2 3 2 Largest Group 11 | . . . . . . . . . . . . 9 11 6 4 . 1 2 2 1 Highest-Rated Group 719 | . . . . . . . . . . . . 475 719 383 322 . 10 116 103 69 Highest-Rated Ally 159 | . . . . . . . . . . . . 159 152 96 96 . 10 58 58 69 Total Orders 3 | . . . . . . . . . . 1 . 2 . . . . . . . . STAY 1 | . . . . . . . . . . . . 1 . . . . . . . . FOLLOW 1 | . . . . . . . . . . . . 1 . . . . . . . . EXPLORE 1 | . . . . . . . . . . 1 . . . . . . . . . . Ally Attacks 203 | . . . . . . . . . . . . 76 75 29 16 . . 4 1 2 Total Damage 6476 | . . . . . . . . . . . . 2249 2462 982 520 . . 145 46 72 Kills 29 | . . . . . . . . . . . . 13 11 4 1 . . . . . Allies Corrupted 1 | . . . . . . . . . . . . 1 . . . . . . . . Allies Melted 3 | . . . 3 . . . . . . . . . . . . . . . . . Intel | -11 -10 -10 -9 -6 -6 -6 -5 -5 -5 -5 -4 -4 -4 -4 -4 -3 -3 -2 -2 -1 ------- Run | Yrd Mat Sub Scr Fac Low Dat Pro Fac Was Fac Fac Ext Cet Arc Hub Res Tes Res Qua Acc Active Infowar (turns) 9268 | . 246 8 . 921 73 66 550 1134 114 873 208 671 440 263 251 640 109 321 247 2133 Optics 9014 | . . . . 921 73 66 550 1134 114 873 208 671 440 263 251 640 109 321 247 2133 Sensors 4194 | . . . . . . . 24 735 . . . . . . 109 640 104 310 160 2112 IFF 1184 | . . . . . . . . . . . . . . . . . . . . 1184 Terrain 1022 | . . . . . . . . . . . 154 671 . . . 197 . . . . Structural 132 | . 132 . . . . . . . . . . . . . . . . . . . Seismic 2436 | . 114 8 . 360 59 66 357 289 114 231 . . . . . . . . . 838 Machine Analysis 1964 | . . . . . . . . . . . . 44 440 263 231 . . . . 986 Triangulation 462 | . . . . 462 . . . . . . . . . . . . . . . . Jamming 1727 | . . . . . . . 124 712 . 16 54 228 . . . . 20 263 53 257 Robot Analysis Total 8 | . . . 8 . . . . . . . . . . . . . . . . . Derelict Logs Recovered 2 | . . . 1 . . . 1 . . . . . . . . . . . . . Drone Launches 1 | . . . . . . . . . . 1 . . . . . . . . . . Drone Recoveries 1 | . . . . . . . . . . 1 . . . . . . . . . . Exploration | -11 -10 -10 -9 -6 -6 -6 -5 -5 -5 -5 -4 -4 -4 -4 -4 -3 -3 -2 -2 -1 ------------- Run | Yrd Mat Sub Scr Fac Low Dat Pro Fac Was Fac Fac Ext Cet Arc Hub Res Tes Res Qua Acc Turns Passed 12744 | . 283 443 2927 998 73 66 550 1134 114 873 208 671 440 263 251 640 109 321 247 2133 Spaces Moved 12213 | 1 176 263 1302 697 163 78 453 761 92 675 412 745 399 119 302 1216 251 675 552 2881 Core 30 | . . . . 30 . . . . . . . . . . . . . . . . Treads 1609 | . . 257 1270 14 . . . . . 68 . . . . . . . . . . Legs 986 | 1 . . 5 161 . . . 568 92 159 . . . . . . . . . . Wheels 481 | . 176 6 27 272 . . . . . . . . . . . . . . . . Hover 804 | . . . . . . . . . . . . 1 399 119 285 . . . . . Flight 8303 | . . . . 220 163 78 453 193 . 448 412 744 . . 17 1216 251 675 552 2881 Fastest Speed 22 | 120 100 115 100 34 37 37 27 27 120 25 28 27 58 58 29 23 29 28 29 22 Average Speed 65 | 120 114 158 218 88 37 37 32 96 120 62 28 31 60 58 54 28 29 32 29 27 Slowest Speed 260 | 120 115 160 240 180 37 37 37 260 120 190 32 66 106 58 101 105 29 98 32 108 Overloaded Moves 9 | . . . . . . . . . . . . . . . . 9 . . . . Propulsion Burnouts . | . . . . . . . . . . . . . . . . . . . . . Robots Hopped 104 | . . . . 6 . . . . . 6 3 21 . . 2 15 8 . 5 38 Potential Cave-ins 9 | . . . . . . . . . . . . 9 . . . . . . . . Cave-ins Triggered 1 | . . . . . . . . . . . . 1 . . . . . . . . Exploration Rate (%) 46 | 2 40 23 84 24 35 74 69 18 78 16 7 68 73 91 47 46 40 20 66 49 Regions Visited 20 Branch Regions 11 Pre-discovered Areas 4 | . . 1 1 . . 1 . 1 . . . . . . . . . . . . Known Exits Taken 4 | . . . . . . . . . . . . . . . . 1 1 1 1 . Unknown Exits Taken 14 | 1 1 1 1 1 1 1 1 . . 1 1 1 1 1 1 . . . . . Scrap Searched 11 | . . 3 3 . 1 . 4 . . . . . . . . . . . . . Spaces Dug 172 | . . . . 7 . . 23 4 1 6 1 4 . . 8 13 3 52 5 45 Terrain Destroyed 562 | . . . 34 15 . . 25 36 1 8 3 17 . . 8 101 3 52 5 254 Melee 77 | . . . . 5 . . 2 2 . . . . . . 8 11 2 7 4 36 Projectile 90 | . . . 6 10 . . 23 3 1 8 3 17 . . . 3 1 3 1 11 AOE 395 | . . . 28 . . . . 31 . . . . . . . 87 . 42 . 207 Terrain Rammed . | . . . . . . . . . . . . . . . . . . . . . Walls Destroyed . | . . . . . . . . . . . . . . . . . . . . . Machines Disabled . | . . . . . . . . . . . . . . . . . . . . . Actions | -11 -10 -10 -9 -6 -6 -6 -5 -5 -5 -5 -4 -4 -4 -4 -4 -3 -3 -2 -2 -1 --------- Run | Yrd Mat Sub Scr Fac Low Dat Pro Fac Was Fac Fac Ext Cet Arc Hub Res Tes Res Qua Acc Total 16062 | . 226 284 1366 945 170 114 802 1048 94 1068 494 1132 593 293 350 1436 272 761 608 4006 Wait 2747 | . 13 7 7 139 2 37 280 186 1 271 48 292 182 145 5 85 4 34 31 978 Move 11999 | . 175 262 1301 684 162 77 452 761 91 664 405 704 398 118 297 1190 234 674 542 2808 Hop 90 | . . . . 6 . . . . . 4 3 18 . . 2 10 8 . 4 35 Pick Up 120 | . 5 3 16 10 . . 6 9 . 15 2 6 3 3 2 15 4 7 3 11 Fast Attach 153 | . 4 2 10 21 2 . 8 20 1 8 5 6 3 1 8 20 3 7 7 17 Attach 92 | . . . 3 5 1 . 6 9 . 14 6 9 . 2 4 5 . 6 3 19 Detach 88 | . 3 1 3 9 . . 4 8 . 8 7 8 1 2 3 14 . 4 . 13 Swap 81 | . 3 1 5 8 . . 6 1 . 4 5 1 2 4 1 18 5 5 3 9 Drop 121 | . 5 5 10 4 1 . 3 . . 7 5 5 3 3 6 28 9 9 5 13 Fire 249 | . 18 3 11 49 . . 26 17 1 35 8 28 . 6 . 12 1 5 1 28 Melee 217 | . . . . 6 2 . 11 37 . . . 1 1 9 22 30 4 10 9 75 Ram . | . . . . . . . . . . . . . . . . . . . . . Kick 10 | . . . . 4 . . . . . 6 . . . . . . . . . . Crush 2 | . . . . . . . . . . 2 . . . . . . . . . . Escape Stasis 40 | . . . . . . . . . . 30 . 1 . . . 9 . . . . Rewire 53 | . . . . . . . . . . . . 53 . . . . . . . . Trap . | . . . . . . . . . . . . . . . . . . . . . Miscellaneous . | . . . . . . . . . . . . . . . . . . . . . Route ------- -11/Scrapyard -10/Materials (discovered 3 exits: [*Mat] / [*Min] / [*Sub]) -10/Subcaves -9/Scraptown (discovered 2 exits: *Fac x2) -6/Factory (discovered 2 exits: *Fac / [*Low]) -6/Lower Caves -6/Data Miner -5/Proximity Caves -5/Factory -5/Waste -5/Factory -4/Factory (discovered 3 exits: [*Upp] / *Ext / Arm) -4/Extension (discovered 2 exits: *Res / *Cet) -4/Cetus (discovered 2 exits: *Res / [*Arc]) -4/Archives (discovered 3 exits: *Res / *Hub x2) -4/Hub_04(d) (discovered 2 exits: *Res x2) -3/Research (discovered 5 exits: *Res x3 / *Tes x2) -3/Testing -2/Research (discovered 5 exits: *Acc x3 / *Qua x2) -2/Quarantine -1/Access History --------- Turn | Location | Event 1 | -11/Scrapyard | Discovered new exit (range 0) 1 | -11/Scrapyard | Entered Materials 195 | -10/Materials | Discovered new exit (range 11) 238 | -10/Materials | Discovered new exit (range 11) 276 | -10/Materials | Discovered new exit (range 8) 284 | -10/Materials | Entered Subcaves 285 | -10/Subcaves | Approached by a straggling Scientist 320 | -10/Subcaves | Build established: Mutant 329 | -10/Subcaves | Learned location of Zion (-7) 329 | -10/Subcaves | Met a Zionite searching for "candidates" 573 | -10/Subcaves | Scientist uncovered a shortcut to Scraptown 727 | -10/Subcaves | Entered Scraptown 1032 | -9/Scraptown | Heard Great Nut preacher, LISTEN AND RECITE! 1320 | -9/Scraptown | Visited Assassins FH 1425 | -9/Scraptown | Visited Cave Peace 1521 | -9/Scraptown | Visited The Evicted 1960 | -9/Scraptown | Discovered new exit (range 7) 2121 | -9/Scraptown | Scanned Subdweller tech in exchange for log data 2133 | -9/Scraptown | Learned location of Quarantine (-2) 2190 | -9/Scraptown | Visited TADAMA 2241 | -9/Scraptown | Visited Awakened 2320 | -9/Scraptown | Visited Cyclists 2387 | -9/Scraptown | Visited UFD Registry 2387 | -9/Scraptown | Registered with UFD as "Powergunner" 2431 | -9/Scraptown | Entered Cyclist Reading Room 2857 | -9/Scraptown | Delivered Scrap Shield to a Scientist 2975 | -9/Scraptown | Visited Observation Area 3112 | -9/Scraptown | Met Optimus 3112 | -9/Scraptown | Accepted into 0bPrime 3205 | -9/Scraptown | Visited Analyses Database 3268 | -9/Scraptown | Visited DA-N13 Charitable Foundation 3294 | -9/Scraptown | Found DCF Scrap (27 items) 3431 | -9/Scraptown | Found Scrap Suit 3434 | -9/Scraptown | Found Scrap Suit 3492 | -9/Scraptown | Civil war broke out across Scraptown 3552 | -9/Scraptown | Discovered new exit (range 13) 3569 | -9/Scraptown | Core integrity fell below 50% 3576 | -9/Scraptown | Destroyed 7 combat bots 3603 | -9/Scraptown | Lost 10 parts (1p3n2u4w) 3613 | -9/Scraptown | Lost 11 allies 3654 | -9/Scraptown | Entered Factory 3654 | -6/Factory | Evolved 8 slots: Propulsion x2, Utility x5, Weapon x1 3893 | -6/Factory | Discovered new exit (range 4) 4201 | -6/Factory | Build established: Tank 4297 | -6/Factory | Garrison activated, responded to threat 4502 | -6/Factory | Cargo convoy interrupted 4519 | -6/Factory | Released all parts (9) 4538 | -6/Factory | Lost 5 parts (1p1n3u) 4628 | -6/Factory | Loaded intel: 8 recycling unit locations 4636 | -6/Factory | Discovered new exit (range 20) 4652 | -6/Factory | Entered Lower Caves 4654 | -6/Lower Caves | UFD Scientist delivered a prototype 4654 | -6/Lower Caves | Found Prototype Protection 4654 | -6/Lower Caves | Identified Enh. Scrap Shield 4722 | -6/Lower Caves | A Derelict revealed a hidden shortcut to meet someone special 4725 | -6/Lower Caves | Entered Data Miner 4725 | -6/Data Miner | Discovered new exit (range 6) 4730 | -6/Data Miner | Met Data Miner 4740 | -6/Data Miner | Learned location of Section 7 (-2) 4740 | -6/Data Miner | Acquired the access code to Warlord's prototype stash 4745 | -6/Data Miner | Received God Mode back door access code from Data Miner 4791 | -6/Data Miner | Entered Proximity Caves 4822 | -5/Proximity Caves | Build established: Mutant 5197 | -5/Proximity Caves | Lost 3 parts (1n2u) 5238 | -5/Proximity Caves | Spotted B-75 Beast 5315 | -5/Proximity Caves | Discovered new exit (range 17) 5341 | -5/Proximity Caves | Entered Factory 5341 | -5/Factory | Evolved 2 slots: Propulsion x2 5492 | -5/Factory | Loaded intel: 8 recycling unit locations 5492 | -5/Factory | Learned location of Protoforge (-2) 5742 | -5/Factory | Build established: Hacker-Gladiator 5991 | -5/Factory | Lost 4 parts (1p1n2w) 6107 | -5/Factory | Lost 6 parts (2n2u2w) 6354 | -5/Factory | Build established: Scavenger-Mutant 6475 | -5/Factory | Sucked down chute 6475 | -5/Factory | Entered Waste 6485 | -5/Waste | Spotted C-40 Crusher 6486 | -5/Waste | Spotted C-40 Crusher 6490 | -5/Waste | EMP discharged 6494 | -5/Waste | Spotted C-40 Crusher 6496 | -5/Waste | Spotted C-40 Crusher 6504 | -5/Waste | Spotted C-40 Crusher 6515 | -5/Waste | Crushed by Compactor (1 part destroyed, 1 dropped) 6519 | -5/Waste | Crushed by Compactor (1 part destroyed, 1 dropped) 6549 | -5/Waste | Discovered new exit (range 22) 6557 | -5/Waste | Spotted C-40 Crusher 6589 | -5/Waste | Entered Factory 6811 | -5/Factory | Build established: Hacker-Mutant 6851 | -5/Factory | Lost 9 parts (2p4n2u1w) 7454 | -5/Factory | Discovered new exit (range 7) 7462 | -5/Factory | Entered another Factory area 7462 | -4/Factory | Evolved 2 slots: Power x1, Utility x1 7463 | -4/Factory | Identified exit to Armory 7539 | -4/Factory | Incoming investigation squad redirected 7575 | -4/Factory | Fabricated Impulse Thruster Array? 7613 | -4/Factory | Fabricated Cld. Nuclear Pulse Thruster (x1) 7649 | -4/Factory | Discovered new exit (range 12) 7658 | -4/Factory | Discovered new exit (range 13) 7670 | -4/Factory | Entered Extension 7764 | -4/Extension | Rescued a captive Derelict 7798 | -4/Extension | Build established: Hacker-Scout 7806 | -4/Extension | Lost 3 parts (1p1n1u) 7834 | -4/Extension | Rescued a captive Derelict 7835 | -4/Extension | Rescued a captive Derelict 7836 | -4/Extension | Rescued a captive Derelict 7842 | -4/Extension | Rescued a captive Derelict 7854 | -4/Extension | Spotted B-86 Titan 7858 | -4/Extension | Rescued a captive Derelict 7858 | -4/Extension | Rescued a captive Derelict 7898 | -4/Extension | Crushed by falling debris 7918 | -4/Extension | Rescued a captive Derelict 7920 | -4/Extension | Rescued a captive Derelict 7931 | -4/Extension | Rescued A7 7940 | -4/Extension | P-70 Sage assimilated allied 2T-FVE(h) 7972 | -4/Extension | Rescued a captive Derelict 7974 | -4/Extension | Rescued a captive Derelict 8000 | -4/Extension | Spotted B-86 Titan 8230 | -4/Extension | Rescued a captive Derelict 8283 | -4/Extension | Discovered new exit (range 13) 8285 | -4/Extension | Discovered new exit (range 6) 8341 | -4/Extension | Entered Cetus 8341 | -4/Cetus | Accompanied by 9 allies (A7) 8346 | -4/Cetus | Acquired a Cetus Manufacturing Module code from A7 8354 | -4/Cetus | Spotted Cetus Guard 8354 | -4/Cetus | Spotted Cetus Guard 8355 | -4/Cetus | Spotted Cetus Guard 8358 | -4/Cetus | Spotted Cetus Guard 8371 | -4/Cetus | Allies destroyed Cetus Guard 8378 | -4/Cetus | Allies destroyed Cetus Guard 8380 | -4/Cetus | Extracted ID and sensor layout for unrecognized location from A7's data core 8381 | -4/Cetus | Allies destroyed Cetus Guard 8387 | -4/Cetus | Allies destroyed Cetus Guard 8421 | -4/Cetus | Lost 3 allies 8425 | -4/Cetus | Started Cetus Manufacturing Module 8429 | -4/Cetus | Discovered new exit (range 22) 8440 | -4/Cetus | Spotted Cetus Guard 8450 | -4/Cetus | Manufactured an Enhanced Grunt 8475 | -4/Cetus | Manufactured an Enhanced Grunt 8500 | -4/Cetus | Manufactured an Enhanced Grunt 8525 | -4/Cetus | Manufactured an Enhanced Grunt 8550 | -4/Cetus | Manufactured an Enhanced Grunt 8670 | -4/Cetus | Spotted Cetus Guard 8680 | -4/Cetus | Allies destroyed Cetus Guard 8680 | -4/Cetus | Spotted Cetus Guard 8680 | -4/Cetus | Spotted Cetus Guard 8683 | -4/Cetus | Allies destroyed Cetus Guard 8701 | -4/Cetus | Allies destroyed Cetus Guard 8701 | -4/Cetus | Allies destroyed Cetus Guard 8701 | -4/Cetus | Discovered new exit (range 22) 8708 | -4/Cetus | Met Revision 17 8728 | -4/Cetus | Lost 5 allies 8781 | -4/Cetus | Entered Archives 8781 | -4/Archives | Accompanied by 6 allies 8802 | -4/Archives | Discovered new exit (range 22) 8827 | -4/Archives | Discovered new exit (range 20) 8976 | -4/Archives | Discovered new exit (range 15) 8982 | -4/Archives | Build established: Hacker-Mutant 9044 | -4/Archives | Entered Hub_04(d) 9044 | -4/Hub_04(d) | Accompanied by 4 allies 9067 | -4/Hub_04(d) | Garrison activated, responded to threat 9236 | -4/Hub_04(d) | Discovered new exit (range 13) 9236 | -4/Hub_04(d) | Discovered new exit (range 20) 9258 | -4/Hub_04(d) | Network Hub disabled 9265 | -4/Hub_04(d) | Incoming investigation squad redirected 9278 | -4/Hub_04(d) | Incoming investigation squad redirected 9295 | -4/Hub_04(d) | Entered Research 9295 | -3/Research | Evolved 2 slots: Utility x2 9319 | -3/Research | Lost 7 parts (1p4n2u) 9495 | -3/Research | Revision forces began assault on 0b10 9525 | -3/Research | Spotted B-86 Titan 9639 | -3/Research | Found Prototype Device 9639 | -3/Research | Identified Exp. Shield Generator 9676 | -3/Research | Found Fusion Bomb Launcher 9680 | -3/Research | Found Prototype Processor 9680 | -3/Research | Identified Spectral Analyzer 9709 | -3/Research | Identified exit to Research 9709 | -3/Research | Identified exit to Testing 9882 | -3/Research | Central database locked down 9901 | -3/Research | Build established: Hacker-Scout 9935 | -3/Research | Entered Testing 10044 | -3/Testing | Entered Research 10044 | -2/Research | Evolved 2 slots: Propulsion x1, Utility x1 10092 | -2/Research | Identified exit to Access 10312 | -2/Research | Identified exit to Quarantine 10365 | -2/Research | Entered Quarantine 10387 | -2/Quarantine | Lost 6 parts (1p4u1w) 10438 | -2/Quarantine | Found Alien Slashing Weapon 10438 | -2/Quarantine | Identified Sigix Broadsword 10464 | -2/Quarantine | Lost 3 parts (2u1w) 10487 | -2/Quarantine | Met incapacitated Sigix Warrior 10487 | -2/Quarantine | Lockdown squad dispatched 10494 | -2/Quarantine | Found Sigix Containment Pod 10496 | -2/Quarantine | Acquired the access code to the Sigix quarantine chamber 10497 | -2/Quarantine | Unlocked Sigix quarantine chamber 10527 | -2/Quarantine | Spotted Lightning 10600 | -2/Quarantine | Repaired Field Propulsion Array 10603 | -2/Quarantine | Discovered exit to Access (range 8) 10612 | -2/Quarantine | Entered Access 10612 | -1/Access | Evolved 2 slots: Utility x2 11281 | -1/Access | Build established: Scout 11508 | -1/Access | Spotted B-99 Colossus 11882 | -1/Access | Spotted B-99 Colossus 11882 | -1/Access | Spotted B-99 Colossus 11985 | -1/Access | Build established: Ninja 12112 | -1/Access | Search patrols dispatched 12235 | -1/Access | Lost 4 parts (2n2w) 12309 | -1/Access | Build established: Hacker-Ninja 12699 | -1/Access | Lost 5 parts (1p2n2u) 12745 | -1/Access | Self-destructed Last Messages --------------- 12675_ Dropped Seismic Detector. 12677_ Dropped Imp. Weapon Shielding. 12677_ Acquired Mic. Antimatter Reactor. 12681_ W-44 Eye distress signal jammed. 12688_ System corrupted: Component data lost. 12695_ W-44 Eye distress signal jammed. 12697_ Sealed Freight Elevator disabled. 12699_ Imp. Reaction Control System destroyed. 12701_ Sealed Freight Elevator disabled. 12702_ U-05 Engineer builds a Wall. 12705_ 4H,L|ZKJBKCUPCY4RUO /RYFYYX=U AKX O9P=Z: 12706_ P-80 Master resets P-80 Master, system corruption cleaned. 12707_ W-44 Eye distress signal jammed. 12710_ P-80 Master resets R-10 Processor, system corruption cleaned. 12712_ Acquired Imp. Phase Shifter. 12720_ P-80 Master resets P-80 Master, system corruption cleaned. 12745_ Diametric Drive destroyed. Map ----- +----------------------------------------------------+ | """"" # #???????????######?????????????????? | | """"" # ##?????????????????????????????????? | | """"" # ##?????????????????????????????????? | | """"" # ##???????????????????????????###???? | | ! # #????????????????????????????#"##??? | | # ##???????#########???????????#""#### | | ####+##### ##??##### "????????????" | | #??# #???# #####% # "????????????" | | #??# #???# ##"##" ""???????????" | | #??# #???# "???????????" | | ???# #???# % "???????????" | | #### #???# "???????????" | | #??#" ""???????????" | | ######??##########"% BB "????????????" | | ????????# ! # BB "????????????"""" " | | ????????# # = "????????????""""T" | | ????????# # " ##########?##????????"##### | | #########! # """ #????### ## ###???????????? | | = +|! !# """ #??## # ##??????????? | | ######### # " ##?# # #??????????? | | ????????# + ##?# ## ##?????????? | | ????????# # ### # #?????????? | | ????????# ##################################### | | #??#########"# + p * uppp p pp | | #??# ! # ##### p! p | | #??#|= " # ####@#+################# ### | | #??#== = # ### p # #?????# #?? | | #??# ###u###?# # # #?????# #?? | | ########+####### #???# # # ##?????# #?? | | + # # #???# # ##???????# #?? | | ######## # # #???# # ###????????# #?? | | ???????# # # #???# ###?????????## #?? | | ???????# + # #???# ############## #?? | | ???????# #p # #???# / # #?? | | ???????# #p # #???########### # #?? | | ???????# + # ##########????# # #?? | | ??###### # # # #????# " # ### | | ??# # # # # #????# """" # ## | | ??# ! # # # # #????# """"" # + | | ??# !# ####+## # !]]#????# """"" # ## | | ??# # # ]]!#????# """" = # ## | | ??# =# # ]]!#????# " # ## | | ??# # # #????# + ## | | ??# # + #????# # ## | | ??# + # #????# # ## | | ??# # ##################+######### ## | | ######## #????# # ####### # | | #????# + # | | ########+###### #????# ""# " | | ?????? ?####+####### ""# ]####### ## | +----------------------------------------------------+ Best States ------------- Heat Dissipation 90 Energy Generation 45 Energy Capacity 800 Matter Stores 409 Matter Capacity 550 Sight Range 24 Robot Scan Range 18 Terrain Scan Range 20 Terrain Scan Density 210 Jamming Range 16 Armor Coverage 800 Propulsion Shielding 66 Weapon Shielding 66 Evasion (%) 76 Targeting Accuracy 6 Melee Accuracy 14 Recoil Reduction 2 Salvage Targeting 4 Offensive Hacking 28 Defensive Hacking 14 Item Schematics ----------------- Combat Drone Bay | -6/Data Miner | Free Lgt. Regenerative Plating | -6/Data Miner | Free Cld. Nuclear Pulse Thruster | -6/Data Miner | Free Prc. Energy Filter | -6/Data Miner | Free Enh. Coil Gun | -6/Data Miner | Free Imp. Linear Gravjet | -6/Data Miner | Free Imp. Remote Force Field | -6/Data Miner | Free Matter Neutralizer | -6/Data Miner | Free Arm. Medium Treads | -6/Data Miner | Free Impulse Thruster Array | -6/Data Miner | Free Fusion Bomb Launcher | -6/Data Miner | Free Robot Schematics ------------------ Y-64 Sentinel | -6/Data Miner | Free E-15 Imp | -6/Data Miner | Free H-66 Slayer | -6/Data Miner | Free L-41 Fighter | -6/Data Miner | Free B-60 Warrior | -6/Data Miner | Free M-36 Artificer | -6/Data Miner | Free Fabricated ------------ Impulse Thruster Array | x1 | -4/Factory Cld. Nuclear Pulse Thruster | x1 | -4/Factory Repaired ---------- Field Propulsion Array | 30% | -2/Quarantine Studied --------- None Alien Tech Used ----------------- Sigix Broadsword Achievements -------------- Bob, First Of His Name Civilization 2243 Infodabbler Link The Feds Loot Taster Nice Directions, Buddy No Room For Error Recruitment Drive Sprinter Uncivil War Challenges ------------ None Game ------ Seed DamperHypervelocityMultirail Manual? 0 Play Time 04:15:14 Cumulative 288.3 hours Start 2026.01.09 @ 15:31:52 End 2026.01.10 @ 15:04:47 Sessions 5 Manual Loads 0 Difficulty Rogue Special Mode None Game No. 188 Rogue 188 Adventurer 0 Explorer 0 Win Type - Total 5 Types 4/0/0/1/0/0/0/0/0/0 Lore% 41 Gallery% 61 Achievement% 39 Wizard Run 0 Options --------- Layout 2 ASCII 0 Keyboard 1 Movement Numpad Keybinds 0 Fullscreen 1 Font 32/SmallcapsGlow Map View 50x44 Zoom Use 0% Tactical HUD 1 Map Filters NONE Filters NONE Steam X RUN: 7a7ce6b6-5bee-430d-8bbe-c76731511043